Map: Traitor's Exile

Players

hewsin

  • Race: Terran Terran
  • Spawn Location: 12:00

Saiyaman

  • Race: Zerg Zerg
  • Spawn Location: 9:00

Throwfordays - Winner!

  • Race: Zerg Zerg
  • League: Silver
  • Spawn Location: 6:00

Faust - Winner!

  • Race: Zerg Zerg
  • League: Diamond
  • Spawn Location: 5:00

VOD

Have the link to the VOD?

Description

Time

  • Played on: April 11, 2019, 10:56 p.m.
  • Length: 14:26
Show
View Real Time Build Order
Export as new Build Order

hewsin Terran 

Build Orders:  

Get SALT Encoding   

  12  0:00  SCV  
  13  0:13  SCV  
  14  0:19  Supply Depot  
  14  0:25  SCV  
  15  0:41  SCV  
  15  0:42  Barracks  
  16  0:47  Refinery  
  16  0:51  Refinery  
  16  0:54  SCV  
  17  1:06  SCV  
  18  1:11  Barracks  
  18  1:18  SCV  
  19  1:30  Reaper  
  20  1:33  Orbital Command  
  20  2:01  SCV  
  21  2:03  Factory  
  21  2:06  Marine x2  
  23  2:15  Supply Depot  
  23  2:36  Marine x2, SCV  
  26  2:54  Marine x2  
  27  3:04  Factory Reactor  
  27  3:06  SCV  
  27  3:07  Starport  
  27  3:12  Marine x2, Supply Depot  
  30  3:29  Marine  
  30  3:33  Marine  
  32  3:40  SCV  
  33  3:47  Marine  
  34  3:50  Medivac x2  
  34  3:51  Marine  
  34  3:53  Factory Reactor  
  39  4:00  Supply Depot  
  39  4:15  Supply Depot  
  39  4:21  Marine x2  
  41  4:25  Supply Depot  
  41  4:33  Hellion x2  
  45  4:39  Marine x2  
  45  4:41  Medivac x2  
  51  4:55  Command Center  
  51  5:13  Marine  
  52  5:15  Marine  
  53  5:22  Hellion  
  53  5:23  Medivac x2, Hellion  
  61  5:53  Marine x2  
  63  6:07  Widow Mine  
  63  6:10  Orbital Command  
  63  6:11  Marine  
  66  6:17  Barracks Tech Lab  
  66  6:20  Hellion  
  66  6:21  Medivac x2  
  65  6:33  Orbital Command  
  65  6:35  Marine  
  65  6:40  Marauder  
  67  6:52  Marine  
  66  7:10  Marine  
  66  7:11  Marine  
  66  7:12  Hellion x2  
  66  7:13  Viking, Medivac  
  74  7:27  SCV x2  
  76  7:39  SCV x2  
  78  7:50  Marine  
  78  7:51  Stimpack  
  78  7:53  Marine  
  72  8:06  Engineering Bay  
  72  8:08  Marine, Engineering Bay  
  72  8:10  Armory  
  72  8:11  Marauder  
  75  8:13  Supply Depot  
  75  8:20  Viking  
  75  8:26  Marine  
  78  8:29  Viking  
  72  8:47  Marine  
  72  8:48  Marine  
  70  8:56  Viking  
  70  8:59  SCV  
  72  9:32  Marine x2, SCV  
  75  9:47  SCV x2  
  75  9:48  Missile Turret  
  78  10:00  Marine  
  78  10:05  Terran Infantry Weapons Level 1  
  78  10:06  Terran Infantry Armor Level 1, Barracks Reactor, Barracks  
  78  10:14  Missile Turret  
  78  10:17  Missile Turret  
  78  10:23  Barracks  
  78  10:36  Combat Shield  
  78  10:54  Missile Turret  
  78  10:57  Supply Depot  
  78  11:09  Marine x2  
  78  11:13  Viking  
  78  11:16  Viking  
  78  11:17  SCV x2  
  78  11:18  Marine  
  59  11:29  SCV x2  
  61  11:52  Marine x2  
  63  11:55  Barracks Tech Lab  
  63  11:56  Barracks Reactor  
  63  11:58  Marine  
  63  11:59  Factory Tech Lab  
  64  12:03  Medivac x2  
  68  12:11  SCV x2  
  70  12:23  SCV  
  70  12:24  Missile Turret  
  71  12:33  SCV  
  45  12:44  Marauder x2  
  45  12:45  Siege Tank  
  45  12:46  Marine  
  43  13:40  Marine x3  
  43  13:41  Marine, Marauder  
  47  13:42  Siege Tank, Marauder  
  34  13:55  Viking  
  34  13:56  Viking  
Show
View Real Time Build Order
Export as new Build Order

Saiyaman Zerg 

Build Orders: Pool First, Muta Ling Bane 

Get SALT Encoding   

  12  0:01  Drone  
  13  0:15  Drone  
  14  0:35  Overlord  
  14  0:38  Spawning Pool  
  13  0:46  Drone  
  14  0:55  Extractor, Drone  
  14  0:56  Drone  
  15  1:03  Drone  
  16  1:08  Drone  
  17  1:20  Drone  
  18  1:29  Hatchery  
  17  1:34  Drone  
  18  1:43  Queen  
  20  1:51  Overlord  
  20  1:55  Extractor  
  20  2:00  Metabolic Boost  
  19  2:14  Drone  
  19  2:15  Drone x2  
  22  2:27  Drone  
  23  2:44  Baneling Nest  
  23  2:45  Drone  
  23  2:47  Queen  
  23  2:48  Drone  
  26  2:59  Drone x3  
  29  3:08  Spine Crawler  
  28  3:14  Lair  
  28  3:17  Drone  
  29  3:22  Drone x2  
  31  3:30  Zergling x2  
  31  3:31  Zergling x4  
  34  3:35  Zergling x2  
  35  3:44  Zergling x2, Spine Crawler  
  35  3:47  Pneumatized Carapace  
  35  4:00  Overlord x2  
  34  4:11  Overlord  
  34  4:15  Extractor  
  33  4:18  Centrifical Hooks  
  33  4:22  Drone x2  
  35  4:25  Zergling x2  
  35  4:26  Zergling x8  
  35  4:28  Zergling x2  
  41  4:42  Drone x2, Nydus Network  
  42  4:50  Drone x3  
  45  5:01  Drone  
  45  5:02  Drone x3  
  49  5:17  Overlord  
  49  5:21  Overlord  
  49  5:23  Queen  
  49  5:24  Overlord  
  51  5:39  Zergling x2  
  51  5:40  Zergling x8  
  56  5:52  Nydus Canal  
  56  5:59  Zergling x6  
  59  6:12  Zergling x2, Spire  
  59  6:13  Zergling x10  
  64  6:21  Nydus Canal  
  64  6:26  Zergling x4  
  64  6:27  Zergling x2  
  67  6:42  Baneling x5  
  67  6:43  Baneling x4  
  67  6:44  Baneling x4  
  67  6:47  Baneling x3  
  67  6:48  Baneling x8  
  67  6:51  Drone x4  
  71  6:57  Extractor  
  52  7:15  Zergling x6  
  49  7:21  Zergling x6  
  52  7:36  Hatchery  
  51  7:37  Zergling x6  
  54  8:04  Mutalisk x6  
  66  8:08  Spore Crawler  
  66  8:09  Spore Crawler  
  60  8:13  Zergling x2  
  60  8:14  Zergling x6  
  60  8:16  Spore Crawler  
  60  8:18  Spore Crawler  
  60  8:19  Spore Crawler  
  59  8:22  Spore Crawler x2  
  57  8:40  Mutalisk x3  
  63  8:48  Drone x5  
  68  9:07  Mutalisk x2  
  72  9:17  Zergling x4  
  72  9:19  Overlord x2  
  74  9:35  Overlord x2  
  60  9:53  Zergling x10  
  60  9:54  Zergling x10  
  60  9:57  Zergling x8  
  60  9:58  Zergling x4  
  64  10:49  Mutalisk x5  
  65  10:50  Mutalisk x4  
  75  11:22  Overlord x3  
  67  11:54  Mutalisk x4  
  66  12:10  Queen  
  68  12:30  Hatchery  
  30  13:19  Mutalisk  
  30  13:20  Mutalisk x2  
Show
View Real Time Build Order
Export as new Build Order

Throwfordays Zerg - Winner!

Build Orders: Hatch First 

Get SALT Encoding   

  12  0:01  Drone  
  13  0:13  Overlord  
  13  0:18  Drone  
  14  0:31  Drone x2  
  16  0:39  Drone  
  17  0:57  Hatchery  
  17  0:59  Drone  
  17  1:13  Spawning Pool  
  17  1:17  Extractor  
  17  1:18  Drone  
  16  1:23  Drone  
  17  1:35  Drone  
  17  1:36  Drone  
  19  1:44  Overlord  
  19  2:00  Queen  
  21  2:02  Overlord  
  21  2:06  Zergling x2  
  22  2:09  Drone  
  22  2:11  Queen  
  25  2:23  Zergling x2  
  26  2:36  Zergling x4  
  28  2:45  Metabolic Boost  
  28  2:50  Drone x3  
  31  2:55  Drone  
  31  2:57  Extractor  
  31  3:07  Drone  
  32  3:14  Drone x5  
  32  3:17  Drone  
  38  3:25  Drone x3  
  41  3:30  Extractor  
  40  3:34  Drone  
  41  3:44  Baneling Nest  
  40  3:51  Zergling x4  
  40  3:52  Zergling x4  
  40  3:54  Overlord  
  44  4:08  Overlord  
  44  4:20  Drone x6  
  44  4:23  Hatchery, Overlord x2  
  49  4:25  Zergling x2  
  49  4:26  Zergling x2  
  49  4:30  Lair  
  51  4:32  Baneling  
  51  4:33  Baneling x4  
  51  4:39  Drone  
  51  4:40  Drone x2  
  54  4:53  Drone x2  
  54  4:58  Extractor  
  55  5:40  Drone  
  57  5:50  Zergling x10  
  56  6:08  Zergling x6  
  56  6:11  Queen  
  55  6:34  Baneling x4  
  55  6:35  Baneling  
  52  6:40  Zergling x8  
  52  6:43  Zergling x6  
  36  7:15  Zergling x4  
  24  7:25  Drone x4  
  28  7:30  Zergling x6  
  28  7:31  Zergling x2  
  28  7:36  Baneling x4  
  32  8:12  Hatchery  
  29  8:39  Queen  
  29  8:41  Drone x5  
  33  8:42  Drone  
  37  8:56  Hatchery  
  37  9:02  Roach Warren  
  35  9:14  Queen  
  37  9:21  Drone x3  
  37  9:22  Drone x3  
  42  9:35  Drone  
  39  9:47  Spire  
  39  9:51  Hydralisk Den  
  37  9:53  Infestation Pit  
  37  9:57  Nydus Network  
  35  10:02  Drone x4  
  35  10:04  Drone x2  
  41  10:09  Queen  
  41  10:12  Queen  
  41  10:13  Drone  
  46  10:29  Hydralisk  
  46  10:30  Hydralisk x4  
  56  10:39  Drone x3  
  56  10:41  Drone x2  
  56  10:42  Drone  
  62  10:44  Queen  
  62  10:47  Drone  
  62  10:48  Drone  
  66  10:50  Drone  
  66  10:51  Drone x2  
  66  10:55  Extractor  
  68  11:02  Zergling x4  
  60  11:05  Zergling x4  
  60  11:08  Zergling x2  
  51  11:13  Zergling x8  
  50  11:25  Baneling  
  50  11:26  Baneling x3  
  50  11:29  Zergling x2  
  46  11:37  Baneling  
  39  11:45  Drone x4  
  43  11:48  Drone x2  
  45  11:57  Drone x4  
  49  12:14  Centrifical Hooks  
  49  12:15  Glial Reconstitution  
  49  12:19  Drone x3  
  49  12:20  Queen  
  54  12:26  Baneling x3  
  54  12:27  Baneling x6  
  54  12:31  Drone x3  
  54  12:35  Drone x3  
  54  12:37  Drone x3  
  62  12:39  Extractor  
  62  12:42  Queen  
  64  12:45  Drone x2  
  66  12:55  Baneling x2  
  66  12:57  Drone x2  
  68  13:07  Zergling x8  
  68  13:08  Zergling x2  
  73  13:25  Zergling x6  
  76  13:28  Zergling x6  
  76  13:32  Evolution Chamber  
  78  13:36  Baneling x5  
  78  13:37  Baneling x5  
  78  13:39  Evolution Chamber  
  77  13:44  Zergling x2  
  78  13:48  Zergling x4  
  80  13:56  Baneling x4  
  80  13:57  Baneling x8  
  80  14:06  Zergling x4  
Show
View Real Time Build Order
Export as new Build Order

Faust Zerg - Winner!

Build Orders: Hatch First 

Get SALT Encoding   

  12  0:01  Drone  
  13  0:08  Drone  
  14  0:18  Extractor  
  14  0:19  Drone  
  15  0:25  Overlord  
  15  0:43  Drone x2  
  17  0:59  Hatchery, Drone  
  17  1:01  Drone  
  18  1:05  Extractor  
  17  1:18  Spawning Pool  
  16  1:23  Drone  
  17  1:27  Drone  
  17  1:28  Drone  
  19  1:39  Overlord  
  19  2:02  Drone  
  19  2:05  Drone  
  19  2:06  Queen  
  23  2:10  Metabolic Boost  
  23  2:11  Queen  
  26  2:15  Zergling x2  
  26  2:20  Zergling x2  
  27  2:27  Zergling x2  
  27  2:28  Drone  
  29  2:33  Baneling Nest  
  27  2:56  Drone  
  27  2:57  Drone x2  
  30  3:05  Drone x2  
  32  3:07  Drone  
  32  3:08  Drone  
  32  3:09  Drone  
  35  3:30  Hatchery  
  34  3:48  Drone x2, Overlord x2  
  36  3:50  Lair  
  36  4:10  Baneling x3  
  36  4:11  Baneling x2  
  36  4:14  Drone x3  
  36  4:15  Drone  
  40  4:19  Extractor  
  40  4:20  Drone x3  
  40  4:21  Drone  
  40  4:22  Drone x3  
  46  4:27  Drone  
  46  4:28  Drone  
  48  4:37  Drone  
  49  4:38  Drone x2  
  49  4:39  Drone  
  49  4:42  Extractor  
  49  4:43  Queen  
  49  4:44  Extractor, Overlord  
  52  4:48  Drone  
  52  4:49  Drone x4  
  57  5:05  Spire  
  56  5:07  Drone x3  
  56  5:09  Drone x4  
  63  5:20  Zergling x6  
  66  5:25  Overlord x2  
  66  5:31  Hydralisk Den  
  65  5:43  Baneling x2  
  65  5:46  Drone x4  
  65  5:47  Drone x2  
  71  5:50  Overlord x3  
  71  5:53  Hatchery  
  70  6:09  Drone x2  
  70  6:10  Drone x3  
  70  6:11  Drone  
  76  6:17  Extractor  
  76  6:18  Extractor  
  74  6:19  Spore Crawler  
  74  6:22  Spore Crawler, Drone x3  
  74  6:23  Drone x3, Spine Crawler  
  77  6:48  Mutalisk x5  
  81  7:11  Mutalisk  
  81  7:12  Mutalisk x2  
  87  7:19  Queen  
  89  7:23  Extractor  
  89  7:26  Zergling x12, Extractor  
  89  7:27  Zergling x8  
  97  7:33  Zerg Flyer Weapons Level 1, Mutalisk x3  
  103  7:58  Mutalisk x4  
  111  8:11  Drone  
  111  8:12  Overlord x4  
  100  8:55  Mutalisk x9  
  102  8:56  Mutalisk  
  120  9:15  Mutalisk x3  
  126  9:21  Drone x3, Evolution Chamber  
  126  9:22  Drone x3, Evolution Chamber  
  130  9:28  Drone x10  
  130  9:29  Drone x4  
  144  9:59  Overlord x6  
  144  10:07  Zerg Melee Weapons Level 1, Zerg Ground Armor Level 1  
  144  10:11  Zerg Flyer Weapons Level 2  
  144  10:13  Infestation Pit  
  143  10:16  Spore Crawler, Spire  
  143  10:17  Spore Crawler x2  
  139  10:22  Spore Crawler  
  128  10:58  Mutalisk x5  
  128  10:59  Zergling x2  
  128  11:00  Zergling x40  
  153  11:29  Zergling x10  
  153  11:30  Zergling x32  
  170  11:41  Zerg Flyer Armor Level 1  
  170  11:44  Hive  
  170  11:45  Burrow, Pneumatized Carapace  
  170  12:03  Zerg Melee Weapons Level 2, Zerg Ground Armor Level 2  
  170  12:05  Baneling x4  
  170  12:06  Baneling x30  
  170  12:07  Baneling x27  
  170  12:08  Baneling  
  170  12:09  Zergling x2  
  170  12:10  Zergling x42  
  192  12:16  Overlord x2  
  192  12:17  Overlord  
  170  12:38  Mutalisk  
  170  12:39  Mutalisk x5  
  144  13:33  Mutalisk  
  144  13:34  Mutalisk x8  
  143  13:56  Mutalisk  
  143  13:57  Mutalisk x4  
Tags
 
Add a new tag
Caveats
  • Supply blocks, unpowered buildings, or Contaminate may cause inaccurate times.
  • Supply counts are checked every 10 seconds.